 Dungeon Crawl Stone Soup version 0.30-a0-883-g5ad918d77d (webtiles) character file.

Game seed: 2289271160883698195

61 Sanktem7 the Trooper (level 3, -2/33 HPs)
             Began as a Minotaur Fighter on Mar 16, 2023.
             Slain by a black bear (8 damage)
             ... on level 3 of the Dungeon.
             The game lasted 00:03:10 (1836 turns).

Sanktem7 the Trooper (Minotaur Fighter)             Turns: 1836, Time: 00:03:10

Health: -2/33      AC: 11    Str: 22    XL:     3   Next: 83%
Magic:  2/2        EV:  6    Int:  5    God:
Gold:   100        SH:  4    Dex:  9    Spells: 2/2 levels left

rFire   . . .      SeeInvis +    a - +0 war axe
rCold   . . .      Faith    .    c - +0 buckler
rNeg    . . .      Spirit   .    q - +0 plate armour
rPois   .          Reflect  .    (helmet restricted)
rElec   .          Rampage  .    (no cloak)
rCorr   .                        (no gloves)
Will    .....                    (no boots) Stlth
                                 (no amulet)
HPRegen 0.25/turn                e - ring of see invisible
MPRegen 0.08/turn                (no ring)

@: no status effects
A: horns 2, retaliatory headbutt
a: no special abilities


You were on level 3 of the Dungeon.
You visited 1 branch of the dungeon, and saw 3 of its levels.

You collected 100 gold pieces.

Inventory:

Hand Weapons
 a - a +0 war axe (weapon)
Armour
 c - a +0 buckler (worn)
 q - a +0 plate armour (worn)
Jewellery
 e - a ring of see invisible (left hand)
Scrolls
 b - a scroll of teleportation {unknown}
 h - a scroll of amnesia {unknown}
 i - a scroll of torment {unknown}
 j - 2 scrolls of enchant weapon {unknown}
 k - a scroll of fear {unknown}
 l - a scroll of vulnerability {unknown}
 m - 3 scrolls of identify {unknown}
 r - a scroll of magic mapping {unknown}
 s - a scroll of noise {unknown}
 t - a scroll of enchant armour {unknown}
Potions
 d - a potion of might
 f - a potion of curing {unknown}
 g - a potion of berserk rage {unknown}
 n - a potion of ambrosia {unknown}
 o - a potion of heal wounds {unknown}
 p - 2 potions of degeneration {unknown}


   Skills:
 + Level 4.1 Fighting
 * Level 3.7 Axes
 + Level 4.1 Armour
 + Level 4.1 Shields


You had 2 spell levels left.
You didn't know any spells.
Your spell library was empty.

Dungeon Overview and Level Annotations

Branches:
Dungeon (3/15)

Altars:

Shops:
D:2 (   D:3 =:=(


Innate Abilities, Weirdness & Mutations

You have a pair of horns on your head.
You reflexively headbutt those who attack you in melee.


Message History

No target in view!
No target in view!
The black bear bites you but does no damage.
The black bear claws you but does no damage.
You block the black bear's attack.
You hit the black bear but do no damage.
The black bear bites you but does no damage.
The black bear claws you but does no damage.
The black bear claws you.
You barely miss the black bear. You block the black bear's attack.
The black bear claws you. x2
You slash the black bear! You headbutt the black bear!
The black bear is severely wounded.
The black bear goes berserk!
You block the black bear's attack.
The black bear claws you but does no damage.
The black bear closely misses you.
You closely miss the black bear.
The black bear is severely wounded.
The black bear bites you but does no damage.
The black bear claws you.
The black bear claws you but does no damage.
The black bear bites you!
The black bear claws you but does no damage. x2
You hit the black bear.
The black bear is almost dead.
The black bear bites you but does no damage.
The black bear claws you but does no damage. x2
You barely miss the black bear. Your headbutt misses the black bear.
The black bear is almost dead.
The black bear bites you.
The black bear claws you but does no damage. x2
The black bear bites you.
* * * LOW HITPOINT WARNING * * *
The black bear claws you.
* * * LOW HITPOINT WARNING * * *
The black bear claws you but does no damage.
You hit the black bear.
The black bear is almost dead.
The black bear bites you!
You die...

.#.###.##..#.##..######.#........
.................######.##.......
##.###.#...#.##.###.....##.......
##.# #.#...######################
...###..................
...........#...#...#...#
##..##..................
#..##.....#...#...#...#
##..##...#......@h......
...........##############
##..##...#.# #.# #.# .........#.#
#.# #.# ##.........# #.# #.#
....##...### #.# #.#
#######..#########.####.#
#.................#
##.#########^######


You could see a black bear (berserk).

Vanquished Creatures
  3 adders
  A dart slug (D:2)
  3 ball pythons
  An endoplasm (D:2)
  2 giant cockroaches
  3 goblins
  2 hobgoblins
  5 quokkas
  2 bats (D:1)
  3 frilled lizards
  4 kobolds
  4 rats
33 creatures vanquished.

Notes
Turn   | Place    | Note
-------+----------+-------------------------------------------
     0 | D:1      | Sanktem7 the Minotaur Fighter began the quest for the Orb.
     0 | D:1      | Reached XP level 1. HP: 19/19 MP: 0/0
   461 | D:1      | Reached XP level 2. HP: 27/27 MP: 1/1
   753 | D:2      | Found Qiam Jo Eppu's Weapon Boutique.
   976 | D:2      | Reached XP level 3. HP: 29/33 MP: 2/2
  1396 | D:3      | Found Kuxocire's Book Emporium.
  1461 | D:3      | Found Wiatunyah's Jewellery Boutique.
  1534 | D:3      | Found Tiwkuwk's Jewellery Shoppe.
  1714 | D:3      | Found Kyameloe's Weapon Shop.
  1826 | D:3      | Noticed a black bear
  1836 | D:3      | Slain by a black bear

Illustrated notes

Levels and vault maps discovered:
D:1:      evilmike_arrival_hilbert_curve, layout_loops_ring,
          minmay_misc_feat_plants
D:2:      layout_basic, serial_shops, nicolae_shop_bloodbath_and_beyond,
          chequers_avenue
D:3:      layout_basic, gammafunk_temple_overflow_elements,
          lemuel_coloured_pillars_altar, serial_shops,
          nicolae_shop_behind_doors, nicolae_lakefront_shop,
          nicolae_shop_hallway_stairs, nicolae_shop_trees,
          kennysheep_pointless_box, hex_tiny, chequers_serial_rivers_small_3,
          supply_closet_lemuel, st_stairs_2

Skill      XL: |  1  2  3 |
---------------+----------+-----
Axes           | 3 |  3.7
Fighting       | 4 |  4.1
Armour         | 4 |  4.1
Shields        | 4 |  4.1

Action                     || total
---------------------------++-------
  Melee: War axe           ||    72
         Headbutt          ||     6
 Armour: Scale mail        ||     5
         Plate armour      ||    49
  Dodge: Dodged            ||    23
  Block: Buckler           ||    23

Table legend: (Time is in decaauts)
 A = Elapsed time spent in this place.
 B = Non-inter-level travel time spent in this place.
 C = Inter-level travel time spent in this place.
 D = Time resting spent in this place.
 E = Time spent auto-exploring this place.
 F = Levels seen in this place.
 G = Mean time per level.
                   A        B        C        D        E       F      G
               +--------+--------+--------+--------+--------+-----+--------+
         Total |   1862 |   1862 |      0 |      0 |   1588 |   3 |  620.7 |
       Dungeon |   1862 |   1862 |      0 |      0 |   1588 |   3 |  620.7 |
               +--------+--------+--------+--------+--------+-----+--------+

Top non-repeatable levels by time:
     D:1: 709 daAuts
     D:2: 688 daAuts
     D:3: 464 daAuts
